 Dungeon Crawl Stone Soup version 0.25-a0-549-g6e6e6501ad (webtiles) character file.

Game seed: 16014734166302179608, levelgen mode: deterministic

162 DerDa the Firebug (level 5, 0/35 HPs)
             Began as a Demonspawn Fire Elementalist on Feb 23, 2020.
             Killed from afar by Natasha (7 damage)
             ... with a magic dart
             ... on level 3 of the Dungeon.
             The game lasted 00:06:34 (2166 turns).

DerDa the Firebug (Demonspawn Fire Elementalist)    Turns: 2166, Time: 00:06:35

Health: 0/35       AC:  2    Str:  8    XL:     5   Next: 19%
Magic:  2/9        EV: 12    Int: 18    God:
Gold:   108        SH:  0    Dex: 13    Spells: 9/10 levels left

rFire    . . .     SeeInvis .   f - +2 short sword (venom)
rCold    + . .     Gourm    .   (no shield)
rNeg     . . .     Faith    .   a - +0 robe
rPois    .         Spirit   .   (no helmet)
rElec    .         Reflect  .   (no cloak)
rCorr    .         Harm     .   (no gloves)
MR       .....                  (no boots)
Stlth    ++........             (no amulet)
HPRegen  0.11/turn              (no ring)
MPRegen  0.11/turn              (no ring)

@: no status effects
A: hooves 1, cold resistance 1, powered by death 1
a: no special abilities


You were on level 3 of the Dungeon.
You were hungry.

You visited 1 branch of the dungeon, and saw 3 of its levels.

You collected 108 gold pieces.

Inventory:

Hand Weapons
 f - a +2 short sword of venom (weapon)
 j - a +0 mace of protection
 o - a +0 hunting sling
Missiles
 d - 69 stones (quivered)
 g - 18 bolts
 m - 18 sling bullets
 r - 16 poisoned darts
Armour
 a - a +0 robe (worn)
Wands
 q - a wand of acid (12)
Scrolls
 e - 2 scrolls of remove curse {unknown}
 h - 3 scrolls of teleportation {unknown}
 k - a scroll of fear {unknown}
 l - 5 scrolls of identify {unknown}
 p - a scroll of random uselessness {unknown}
 s - a scroll of enchant weapon {unknown}
 t - a scroll of amnesia {unknown}
 u - a scroll of fog {unknown}
Potions
 b - a potion of cancellation {unknown}
 i - a potion of curing
Comestibles
 c - 3 rations
 n - 6 chunks of flesh


   Skills:
 - Level 1.7 Dodging
 - Level 1.7 Stealth
 * Level 3.3 Spellcasting
 * Level 2.9 Conjurations
 * Level 3.8 Fire Magic


You had 9 spell levels left.
You knew the following spells:

 Your Spells              Type           Power        Failure   Level  Hunger
a - Foxfire               Conj/Fire      ###.         4%          1    None

Your spell library contained the following spells:

 Spells                   Type           Power        Failure   Level  Hunger
 Conjure Flame            Conj/Fire      ###.....     12%         3    ###....
 Inner Flame              Hex/Fire       #.......     22%         3    ###....
 Sticky Flame             Conj/Fire      ###.....     36%         4    ####...
 Fireball                 Conj/Fire      ###.......   73%         5    ######.


Dungeon Overview and Level Annotations

Branches:
Dungeon (3/15)

Altars:

Annotations:
D:3 Natasha


Innate Abilities, Weirdness & Mutations

You have large cloven feet.
Your flesh is cold resistant. (rC+)
You regenerate a little health from kills.


Message History

Natasha casts a spell at you. You resist with some effort.
You hit Natasha but do no damage.
Natasha looks as sick as possible!
You kick Natasha, but do no damage.
Natasha is heavily wounded.
Natasha closely misses you.
The foxfire hits Natasha.
Natasha is severely wounded.
Natasha drinks a potion.
Natasha is healed!
Natasha looks more healthy.
You see here 8 gold pieces.
You closely miss Natasha.
Natasha is heavily wounded.
Natasha claws you.
* * * LOW HITPOINT WARNING * * *
Casting: Foxfire (safe; 4% risk of failure)
Confirm with . or Enter, or press ? or * to list all spells.
You conjure some foxfire!
Natasha stares at you and mumbles some strange words.
The magic dart hits you!
You die...

.. ## ##### ### #.##.#
..####.... . ...
..##.####......### ..
..###..............#..
#.###o.................#.#
#......##.##...........#.#
#...†.)##.##...).......#.#
.#.....(##hv..##...........
)......((.@v...)...........
.........######..#.........
....†...## ##.##.....#.#
........# #.##........
........# #..#.......#
........# ##....####.#
...###### ##...# #.. ..#
#.#.# #.. .........#


You could see Natasha.

Vanquished Creatures
  A hound (D:3)
  A gnoll (D:1)
  4 adders
  A worm (D:3)
  A dart slug (D:1)
  3 leopard geckos
  2 orcs (D:3)
  3 giant cockroaches
  11 goblins
  10 hobgoblins
  5 jackals
  14 kobolds
  A ball python (D:2)
  5 bats
  5 frilled lizards
  4 rats
71 creatures vanquished.

Vanquished Creatures (others)
  146 foxfires
146 creatures vanquished.

Grand Total: 217 creatures vanquished

Notes
Turn   | Place    | Note
-------+----------+-------------------------------------------
     0 | D:1      | DerDa the Demonspawn Fire Elementalist began the quest for
                  | the Orb.
     0 | D:1      | Reached XP level 1. HP: 13/13 MP: 3/3
   205 | D:1      | Gained mutation: You regenerate a little health from kills.
                  | [demonic ancestry]
   205 | D:1      | Reached XP level 2. HP: 19/19 MP: 0/5
   476 | D:1      | Gained mutation: You have large cloven feet. [demonic
                  | ancestry]
   476 | D:1      | Reached XP level 3. HP: 24/24 MP: 0/6
  1416 | D:2      | Gained mutation: Your flesh is cold resistant. (rC+)
                  | [demonic ancestry]
  1416 | D:2      | Reached XP level 4. HP: 18/30 MP: 0/8
  2140 | D:3      | Reached XP level 5. HP: 22/35 MP: 2/9
  2156 | D:3      | Noticed Natasha
  2166 | D:3      | Killed from afar by Natasha

Levels and vault maps discovered:
D:1:      minmay_arrival_plants_in_alcoves, layout_basic
D:2:      layout_basic
D:3:      layout_rooms, chequers_ecumenical_altar_simple,
          hangedman_feature_mirror, uniq_natasha, uniq_crazy_yiuf_cottage

Skill      XL: |  1  2  3  4 |
---------------+-------------+-----
Fire Magic     | 3 |  3.8
Conjurations   | 2 |  2.9
Spellcasting   | 3 |  3.3
Dodging        | |  1.7
Stealth        | |  1.7

Action                   |  1- 3 |  4- 6 || total
-------------------------+-------+-------++-------
Melee: Mace              |     5 |       ||     5
       Short sword       |    18 |    33 ||    51
       Kick              |     7 |     5 ||    12
 Cast: Foxfire           |    67 |    39 ||   106
  Eat: Chunk             |     2 |     2 ||     4
Armor: Robe              |     7 |     8 ||    15
Dodge: Dodged            |    31 |    26 ||    57

Table legend:
 A = Non-vault XP
 B = Vault XP
 C = Vault XP percentage of total XP
 D = Non-vault monster count
 E = Vault monster count
 F = Vault count percentage of total count
                 A         B        C        D         E       F
            +---------+---------+-------+---------+---------+-------
      Total |     224 |       8 |   3.4 |      68 |       3 |   4.2
            +---------+---------+-------+---------+---------+-------
        D:1 |      55 |       0 |   0.0 |      22 |       0 |   0.0
        D:2 |      55 |       0 |   0.0 |      26 |       0 |   0.0
        D:3 |     114 |       8 |   6.6 |      20 |       3 |  13.0
            +---------+---------+-------+---------+---------+-------
